cohdb
Replays
Latest Replays
All Replays
Popular Replays
Top Player Replays
Match Explorer
How It Works
Community
CoH3 Stats
Reddit
Sign in to upload your games and track your stats! →
Sign in with Steam
Match 41211459
Unlisted
Match 41211459
Overview
Messages
Build Orders
End
Construct Barracks
Riflemen Squad
Riflemen Squad
Riflemen Squad
Construct Weapon Support Center
Mechanized Support Center
M3 Armored Personnel Carrier
Selects Heavy Weapons
Selects Assault Carriers
Riflemen Squad
M1918 Browning Automatic Rifles
Designate Forward Repair Station
Selects Exchangeable Parts
Sniper
Construct Medical Station
M3 Assault Carrier
M3 Assault Carrier
Riflemen Squad
Grenade Package
Akuma Nihmune is my OSHI
Nubbl0r
0
0
Comments
sign in to comment!
No comments posted yet!